 Dungeon Crawl Stone Soup version 0.22-a0-231-g1b571ea (webtiles) character file.

275 Azzok the Sneak (level 6, -1/44 HPs)
             Began as a Gnoll Enchanter on Feb 20, 2018.
             Was an Initiate of Vehumet.
             Slain by Pikel
             ... wielding a +1 whip of freezing
              (4 damage)
             ... on level 3 of the Dungeon.
             The game lasted 00:05:31 (3561 turns).

Azzok the Sneak (Gnoll Enchanter)                   Turns: 3561, Time: 00:05:32

Health: -1/44      AC:  3    Str: 11    XL:     6   Next: 25%
Magic:  1/13       EV: 15    Int: 19    God:    Vehumet [......]
Gold:   148        SH:  0    Dex: 15    Spells: 9/15 levels left

rFire    . . .     SeeInvis .   a - +1 dagger
rCold    . . .     Gourm    .   (no shield)
rNeg     . . .     Faith    .   b - +0 robe
rPois    .         Spirit   .   (no helmet)
rElec    .         Reflect  .   t - +0 cloak
rCorr    .         Harm     .   (no gloves)
MR       .....                  (no boots)
Stlth    +++.......             (no amulet)
HPRegen  0.14/turn              (no ring)
MPRegen  0.13/turn              (no ring)

@: no status effects
A: distributed training, fangs 1, strong nose
a: Renounce Religion


You were on level 3 of the Dungeon.
You worshipped Vehumet.
Vehumet was noncommittal.
You were hungry.

You visited 1 branch of the dungeon, and saw 4 of its levels.

You collected 148 gold pieces.

Inventory:

Hand Weapons
 a - a +1 dagger (weapon)
Armour
 b - a +0 robe (worn)
 t - a +0 cloak (worn)
Jewellery
 i - an uncursed ring of ice
 u - an uncursed amulet of guardian spirit {unknown}
Scrolls
 d - 6 scrolls of identify {unknown}
 e - 2 scrolls of enchant armour {unknown}
 f - a scroll of noise {unknown}
 g - a scroll of immolation {unknown}
 k - 2 scrolls of teleportation {unknown}
 l - a scroll of remove curse {unknown}
 m - 2 scrolls of fear {unknown}
 n - a scroll of magic mapping {unknown}
 p - a scroll of fog {unknown}
 q - a scroll of blinking {unknown}
 w - a scroll of enchant weapon {unknown}
Potions
 h - a potion of ambrosia {unknown}
 j - a potion of might {unknown}
 o - 2 potions of heal wounds
 s - a potion of agility {unknown}
 v - a potion of curing
Comestibles
 c - 9 rations
 r - 7 chunks of flesh


   Skills:
 + Level 1.8 Fighting
 + Level 3.1 Short Blades
 + Level 1.8 Long Blades
 + Level 1.8 Axes
 + Level 1.8 Maces & Flails
 + Level 1.8 Polearms
 + Level 1.8 Staves
 + Level 1.8 Slings
 + Level 1.8 Bows
 + Level 1.8 Crossbows
 + Level 1.8 Throwing
 + Level 1.8 Armour
 + Level 4.9 Dodging
 + Level 6.2 Stealth
 + Level 1.8 Shields
 + Level 1.8 Unarmed Combat
 + Level 5.3 Spellcasting
 + Level 1.4 Conjurations
 + Level 5.6 Hexes
 + Level 1.4 Charms
 + Level 1.4 Summonings
 + Level 1.4 Necromancy
 + Level 1.4 Translocations
 + Level 1.4 Transmutations
 + Level 1.4 Fire Magic
 + Level 1.4 Ice Magic
 + Level 1.4 Air Magic
 + Level 1.4 Earth Magic
 + Level 1.4 Poison Magic
 + Level 2.0 Invocations
 + Level 1.8 Evocations


You had 9 spell levels left.
You knew the following spells:

 Your Spells              Type           Power        Failure   Level  Hunger
a - Corona                Hex            ####...      1%          1    None
b - Ensorcelled Hibernat  Hex/Ice        ###...       4%          2    None
c - Confuse               Hex            ####....     3%          3    ##.....


Dungeon Overview and Level Annotations

Branches:
Dungeon (4/15)
 Temple: D:4-7

Altars:
Kikubaaqudgha
Qazlal
Trog
Vehumet

Annotations:
D:3 Pikel


Innate Abilities, Weirdness & Mutations

Your experience applies equally to all skills.
You have very sharp teeth.
Your uncanny sense of smell can sniff out nearby items.


Message History

Pikel is severely wounded.
Pikel drinks a potion.
Pikel is healed!
Pikel hits you with a whip of freezing. Pikel freezes you.
Pikel says, "I'm sure the Orcish Mines are around here somewhere..."
Casting: Ensorcelled Hibernation (safe; 4% risk of failure)
Confirm with . or Enter, or press ? or * to list all spells.
Aiming: Confuse (safe; 3% risk of failure)
Press: ? - help, Shift-Dir - straight line, f/p - Pikel
Aim: Pikel, wielding a whip of freezing and wearing a robe (heavily wounded, chance to defeat MR: 55%) Pikel resists with significant effort.
* * * LOW MAGIC WARNING * * *
Pikel hits you with a whip of freezing. Pikel freezes you.
Pikel hits you with a whip of freezing.
* * * LOW HITPOINT WARNING * * *
Pikel freezes you.
* * * LOW HITPOINT WARNING * * *
Pikel hits you with a whip of freezing!
* * * LOW HITPOINT WARNING * * *
Pikel freezes you.
You die...

▒·▒ ▒··▒ ▒▒▒▒▒▒ ▒·▒
▒▒·▒▒▒····▒
▒·▒▒▒▒▒▒▒··▒▒····▒▒▒▒▒▒▒
▒▒···········'·[··'······
▒········▒▒·▒▒····▒▒▒·▒▒▒
▒········▒▒·▒▒····▒ ▒·▒
▒▒▒········▒▒··▒▒▒▒▒▒ ▒·▒
▒▒··········▒▒▒·▒ ▒·▒
▒▒··········@▒ ▒·▒ ▒·▒
▒····▒▒▒▒··K·▒▒▒·▒ ▒·▒
▒····▒ ▒▒▒···▒▒·▒▒ ▒·▒
♣····♣ ▒·'···▒▒··▒ ▒·▒
♣···♣♣ ▒▒▒···▒▒▒·▒
▒▒▒▒'▒▒▒ ♣♣·♣♣ ▒··▒▒▒▒
▒·▒▒ ▒·(····· ♣·♣♣ ▒▒·▒
▒··▒ ▒······· ♣♣·♣ ▒··▒
▒▒·▒▒▒······· ♣·♣♣ ▒▒▒▒
▒··▒▒·······


You could see Pikel.

Vanquished Creatures
  A slave (D:3)
  A howler monkey (D:4)
  2 orc priests
  2 orc wizards
  Crazy Yiuf (D:3)
  A hound skeleton (D:4)
  An adder (D:2)
  2 dart slugs
  7 leopard geckos
  10 orcs
  5 giant cockroaches
  4 goblins
  5 hobgoblins
  4 kobolds
  A quokka (D:2)
  4 ball pythons
  5 bats
  A frilled lizard (D:2)
  A quokka skeleton (D:4)
  7 rats
65 creatures vanquished.

Notes
Turn   | Place    | Note
-------+----------+-------------------------------------------
     0 | D:1      | Azzok the Gnoll Enchanter began the quest for the Orb.
     0 | D:1      | Reached XP level 1. HP: 13/13 MP: 6/6
   412 | D:1      | Reached XP level 2. HP: 16/19 MP: 5/7
   416 | D:1      | Learned a level 2 spell: Ensorcelled Hibernation
  1598 | D:2      | Reached XP level 3. HP: 25/25 MP: 9/9
  1645 | D:2      | Reached skill level 5 in Spellcasting
  1683 | D:2      | Reached skill level 6 in Stealth
  1711 | D:2      | Reached skill level 1 in Invocations
  1743 | D:2      | Found an ancient bone altar of Kikubaaqudgha.
  1791 | D:2      | Found a bloodstained altar of Trog.
  1791 | D:2      | Found a radiant altar of Vehumet.
  1792 | D:2      | Found a stormy altar of Qazlal.
  2007 | D:2      | Became a worshipper of Vehumet
  2073 | D:3      | Reached skill level 1 in Fighting
  2073 | D:3      | Reached skill level 1 in Long Blades
  2073 | D:3      | Reached skill level 1 in Axes
  2073 | D:3      | Reached skill level 1 in Maces & Flails
  2073 | D:3      | Reached skill level 1 in Polearms
  2073 | D:3      | Reached skill level 1 in Staves
  2073 | D:3      | Reached skill level 1 in Slings
  2073 | D:3      | Reached skill level 1 in Bows
  2073 | D:3      | Reached skill level 1 in Crossbows
  2073 | D:3      | Reached skill level 1 in Throwing
  2073 | D:3      | Reached skill level 1 in Armour
  2073 | D:3      | Reached skill level 1 in Shields
  2073 | D:3      | Reached skill level 1 in Unarmed Combat
  2073 | D:3      | Reached skill level 1 in Evocations
  2073 | D:3      | Reached XP level 4. HP: 22/32 MP: 8/11
  2089 | D:3      | Reached skill level 1 in Conjurations
  2089 | D:3      | Reached skill level 1 in Charms
  2089 | D:3      | Reached skill level 1 in Summonings
  2089 | D:3      | Reached skill level 1 in Necromancy
  2089 | D:3      | Reached skill level 1 in Translocations
  2089 | D:3      | Reached skill level 1 in Transmutations
  2089 | D:3      | Reached skill level 1 in Fire Magic
  2089 | D:3      | Reached skill level 1 in Ice Magic
  2089 | D:3      | Reached skill level 1 in Air Magic
  2089 | D:3      | Reached skill level 1 in Earth Magic
  2089 | D:3      | Reached skill level 1 in Poison Magic
  2420 | D:3      | Found a runed door.
  2424 | D:3      | Noticed Crazy Yiuf
  2427 | D:3      | Killed Crazy Yiuf
  2427 | D:3      | Reached XP level 5. HP: 37/37 MP: 9/12
  2917 | D:4      | Learned a level 3 spell: Confuse
  3119 | D:4      | Reached XP level 6. HP: 35/44 MP: 7/13
  3517 | D:4      | Noticed a phantom
  3518 | D:4      | Noticed a slave
  3521 | D:4      | Noticed Pikel
  3527 | D:4      | Noticed a slave
  3531 | D:3      | Killed a slave
  3561 | D:3      | Slain by Pikel

Vault maps used:
D:1:      roderic_crossed_star
D:2:      gammafunk_temple_overflow_forgotten, marbit_many_paths
D:3:      uniq_crazy_yiuf_cottage
D:4:      uniq_pikel, uniq_ijyb

Skill      XL: |  1  2  3  4  5  6 |
---------------+-------------------+-----
Spellcasting   | 5 |  5.3
Stealth        | 6 |  6.2
Invocations    | 1 2 |  2.0
Fighting       | 1 |  1.8
Long Blades    | 1 |  1.8
Axes           | 1 |  1.8
Maces & Flails | 1 |  1.8
Polearms       | 1 |  1.8
Staves         | 1 |  1.8
Slings         | 1 |  1.8
Bows           | 1 |  1.8
Crossbows      | 1 |  1.8
Throwing       | 1 |  1.8
Armour         | 1 |  1.8
Shields        | 1 |  1.8
Unarmed Combat | 1 |  1.8
Evocations     | 1 |  1.8
Conjurations   | 1 |  1.4
Charms         | 1 |  1.4
Summonings     | 1 |  1.4
Necromancy     | 1 |  1.4
Translocations | 1 |  1.4
Transmutations | 1 |  1.4
Fire Magic     | 1 |  1.4
Ice Magic      | 1 |  1.4
Air Magic      | 1 |  1.4
Earth Magic    | 1 |  1.4
Poison Magic   | 1 |  1.4
Short Blades   | 3 |  3.1
Dodging        | |  4.9
Hexes          | |  5.6

Action                   |  1- 3 |  4- 6 || total
-------------------------+-------+-------++-------
Melee: Dagger            |    74 |    94 ||   168
       Bite              |     4 |    12 ||    16
 Cast: Corona            |     7 |     1 ||     8
       Ensorcelled Hiber |    13 |    30 ||    43
       Confuse           |       |     5 ||     5
 Stab: Sleeping          |    24 |    21 ||    45
  Eat: Chunk             |     4 |     4 ||     8
Armor: Robe              |    13 |     9 ||    22
Dodge: Dodged            |    64 |    72 ||   136

Table legend:
 A = Spawn XP
 B = Non-spawn XP
 C = Spawn XP percentage of total XP
 D = Spawn monster count
 E = Non-spawn monster count
 F = Spawn count percentage of total count
 G = Total turns spent on level
                    A         B        C        D         E        F      G
               +---------+---------+-------+---------+---------+-------+---------
         Total |       0 |     394 |   0.0 |       0 |      64 |   0.0 |  3561
               +---------+---------+-------+---------+---------+-------+---------
           D:1 |       0 |      22 |   0.0 |       0 |      12 |   0.0 |  1281
           D:2 |       0 |      41 |   0.0 |       0 |      17 |   0.0 |   673
           D:3 |       0 |     142 |   0.0 |       0 |      16 |   0.0 |   895
           D:4 |       0 |     189 |   0.0 |       0 |      19 |   0.0 |   712
               +---------+---------+-------+---------+---------+-------+---------
